 Dungeon Crawl Stone Soup version 0.21-a0-260-g9b2435e (webtiles) character file.

14 zane53102 the Twirler (level 2, -1/22 HPs)
             Began as a Demonspawn Gladiator on Sept 7, 2017.
             Slain by an adder (3 damage)
             ... on level 2 of the Dungeon.
             The game lasted 00:05:35 (484 turns).

zane53102 the Twirler (Demonspawn Gladiator)         Turns: 484, Time: 00:05:36

Health: -1/22      AC:  4    Str: 14    XL:     2   Next: 31%
Magic:  2/2        EV: 15    Int:  9    God:
Gold:   21         SH:  0    Dex: 14    Spells: 1/1 levels left

rFire    . . .     SeeInvis .   k - +0 dagger
rCold    . . .     Gourm    .   (no shield)
rNeg     . . .     Faith    .   b - +0 leather armour
rPois    .         Spirit   .   c - +0 helmet
rElec    .         Reflect  .   (no cloak)
rCorr    .         Harm     .   (no gloves)
MR       .....                  (no boots)
Stlth    +.........             (no amulet)
HPRegen  0.07/turn              (no ring)
MPRegen  0.08/turn              (no ring)

@: no status effects
A: repulsion field 1
a: no special abilities


You were on level 2 of the Dungeon.
You were completely stuffed.

You visited 1 branch of the dungeon, and saw 2 of its levels.

You collected 21 gold pieces.

Inventory:

Hand Weapons
 a - a +0 quarterstaff
 f - a +0 club
 j - a +0 dagger
 k - a +0 dagger (weapon)
 l - a +0 club
 m - a +0 mace
 o - a +0 short sword
Missiles
 d - 3 throwing nets (quivered)
Armour
 b - a +0 leather armour (worn)
 c - a +0 helmet (worn)
 p - a cursed +0 ring mail
Jewellery
 n - an uncursed ring of protection from magic {unknown}
Scrolls
 i - a scroll of noise {unknown}
Potions
 e - 2 potions of brilliance {unknown}
 g - a potion of mutation {unknown}
Comestibles
 h - a meat ration


   Skills:
 + Level 2.0 Fighting
 + Level 0.1 Short Blades
 + Level 3.0 Staves
 + Level 1.8 Throwing
 + Level 3.0 Dodging
 + Level 0.2 Stealth


You had one spell level left.
You didn't know any spells.

Dungeon Overview and Level Annotations

Branches:
Dungeon (2/15)

Altars:

Annotations:
D:2 Natasha


Innate Abilities, Weirdness & Mutations

You are surrounded by a mild repulsion field. (EV +2)


Message History

Wield which item (- for none, * to show all)? (? for menu, Esc to quit)
That's the wrong kind of item! (Use * to select it.) Wield which item (- for none, * to show all)? (? for menu, Esc to quit)
k - a +0 dagger (weapon)
Natasha howls an incantation.
Natasha's front paws start to glow.
The adder misses you.
Found a scroll labeled DIUQUOBOCK.
The adder misses you. Natasha claws you.
* * * LOW HITPOINT WARNING * * *
The hobgoblin hits you with a club.
* * * LOW HITPOINT WARNING * * *
Natasha mumbles some strange words.
The adder misses you.
The crimson imp blinks!
Natasha hisses.
The adder bites you.
* * * LOW HITPOINT WARNING * * *
You barely miss the adder. The adder misses you. The adder bites you.
You die...

#.....#†.........
##.......#...(.... ..
#.................
.......##...........#.....
..................###.....
..................## .....
...................# ....
..........#.g.....# ...
#.........S@....#
#.........h.....#
##.............#
#.................
#.....................
...............r......
......................
......................
.....................


You could see Natasha, an adder, a hobgoblin and a rat.

Vanquished Creatures
  3 bats (D:1)
  3 goblins (D:1)
  A hobgoblin (D:2)
  3 kobolds
  A ball python (D:2)
  2 frilled lizards
13 creatures vanquished.

Notes
Turn   | Place    | Note
-------+----------+-------------------------------------------
     0 | D:1      | zane53102 the Demonspawn Gladiator began the quest for the Orb.
     0 | D:1      | Reached XP level 1. HP: 16/16 MP: 1/1
   343 | D:1      | Gained mutation: You are surrounded by a mild repulsion field. (EV +2) [demonic ancestry]
   343 | D:1      | Reached XP level 2. HP: 8/22 MP: 2/2
   471 | D:2      | Noticed Natasha
   479 | D:2      | Noticed a crimson imp
   484 | D:2      | Slain by an adder

Vault maps used:
D:1:      giann_horns
D:2:      chequers_ecumenical_altar_twisty, minmay_shallow_snake_nest,
          uniq_natasha

Skill      XL: |  1  2 |
---------------+-------+-----
Staves         | 3 |  3.0
Dodging        | 3 |  3.0
Fighting       | |  2.0
Short Blades   | |  0.1
Throwing       | |  1.8
Stealth        | |  0.2

Action                   || total
-------------------------++-------
Melee: Dagger            ||    47
       Quarterstaff      ||     1
  Eat: Bread ration      ||     2
Armor: Leather armour    ||    38
Dodge: Dodged            ||    63

Table legend:
 A = Spawn XP
 B = Non-spawn XP
 C = Spawn XP percentage of total XP
 D = Spawn monster count
 E = Non-spawn monster count
 F = Spawn count percentage of total count
 G = Total turns spent on level
                    A         B        C        D         E        F      G
               +---------+---------+-------+---------+---------+-------+---------
         Total |       0 |      21 |   0.0 |       0 |      13 |   0.0 |   484
               +---------+---------+-------+---------+---------+-------+---------
           D:1 |       0 |      16 |   0.0 |       0 |       9 |   0.0 |   423
           D:2 |       0 |       5 |   0.0 |       0 |       4 |   0.0 |    61
               +---------+---------+-------+---------+---------+-------+---------
